 Dungeon Crawl Stone Soup version 0.29.0-13-gc9e81de378 (webtiles) character file.

Game seed: 11875233245091143397

84 Anothat the Sneak (level 4, -4/23 HPs)
             Began as a Vine Stalker Brigand on Sept 8, 2022.
             Slain by a steam dragon (9 damage)
             ... on level 3 of the Dungeon.
             The game lasted 00:03:51 (1869 turns).

Anothat the Sneak (Vine Stalker Brigand)            Turns: 1869, Time: 00:03:51

Health: -4/23      AC:  4    Str: 14    XL:     4   Next: 46%
Magic:  0/5        EV: 16    Int: 11    God:
Gold:   140        SH:  0    Dex: 17    Spells: 3/3 levels left

rFire   . . .      SeeInvis +   a - +2 dagger
rCold   . . .      Faith    .   (no shield)
rNeg    . . .      Spirit   +   r - +0 leather armour
rPois   .          Reflect  .   (no helmet)
rElec   .          Harm     .   c - +0 cloak
rCorr   .          Rampage  .   (no gloves)
Will    .....                   (no boots)
Stlth   +++.......              (no amulet)
HPRegen 0.87/turn               q - +4 ring of evasion
MPRegen 0.09/turn               k - ring of see invisible

@: no status effects
A: fangs 2, regeneration 1, magic shield, antimagic bite, no potion heal 2
a: no special abilities


You were on level 3 of the Dungeon.
You visited 1 branch of the dungeon, and saw 3 of its levels.

You collected 140 gold pieces.

Inventory:

Hand Weapons
 a - a +2 dagger (weapon)
Missiles
 d - 9 poisoned darts (quivered)
 e - 3 curare-tipped darts
Armour
 b - a +0 robe
 c - a +0 cloak (worn)
 r - a +0 leather armour (worn)
Jewellery
 k - a ring of see invisible (right hand)
 q - a +4 ring of evasion (left hand)
Scrolls
 h - a scroll of fear {unknown}
 j - 3 scrolls of identify {unknown}
 m - 2 scrolls of magic mapping {unknown}
 n - a scroll of torment {unknown}
 o - 2 scrolls of noise {unknown}
 s - a scroll of teleportation {unknown}
Potions
 f - 3 potions of heal wounds {unknown}
 g - a potion of haste {unknown}
 i - 4 potions of curing {unknown}
 l - a potion of lignification {unknown}
 p - a potion of cancellation {unknown}
 t - a potion of attraction {unknown}
 u - a potion of mutation {unknown}
 v - a potion of ambrosia {unknown}


   Skills:
 + Level 2.7 Fighting
 + Level 2.7 Short Blades
 - Level 1.7 Throwing
 + Level 2.0 Dodging
 - Level 4.8 Stealth


You had 3 spell levels left.
You didn't know any spells.
Your spell library contained the following spells:

 Spells                   Type           Power      Damage    Failure   Level
 Slow                     Hex            0%         N/A       41%         1
 Sublimation of Blood     Necr           0%         N/A       56%         2
 Wereblood                Tmut           0%         N/A       56%         2
 Confusing Touch          Hex            0%         N/A       80%         3
 Vampiric Draining        Necr           0%         2d6       80%         3
 Summon Hydra             Summ           0%         N/A       100%        7


Dungeon Overview and Level Annotations

Branches:
Dungeon (3/15)

Altars:
Wu Jian

Annotations:
D:3 1 transporter


Innate Abilities, Weirdness & Mutations

You have extremely sharp teeth.
Your natural rate of healing is unusually fast.
When hurt, damage is shared between your health and your magic reserves.
Your bite disrupts and absorbs the magic of your enemies.
Potions cannot restore your health.


Message History

The steam dragon breathes steam at you. The ball of steam hits you.
You hit the steam dragon but do no damage.
You are engulfed in a cloud of scalding steam.
The steam dragon bites you. The steam dragon barely misses you.
You completely miss the steam dragon.
You are engulfed in a cloud of scalding steam.
* * * LOW HITPOINT WARNING * * *
The steam dragon completely misses you.
The steam dragon claws you but does no damage.
Okay, then.
You barely miss the steam dragon. You bite the steam dragon.
You drain its power.
You feel invigorated.
The steam dragon is lightly wounded.
You are engulfed in a cloud of scalding steam.
The steam dragon barely misses you. The steam dragon claws you.
* * * LOW HITPOINT WARNING * * *
You hit the steam dragon but do no damage.
The steam dragon is lightly wounded.
You are engulfed in a cloud of scalding steam.
* * * LOW HITPOINT WARNING * * *
The steam dragon breathes steam at you. The ball of steam misses you.
Press: ? - help, v - describe, . - travel
Here: a steam dragon (lightly wounded, catching its breath)
The floor.
Unknown command.
You barely miss the steam dragon.
The steam dragon is lightly wounded.
The steam dragon misses you. The steam dragon barely misses you.
An endoplasm comes into view.
You hit the steam dragon. Your bite misses the steam dragon.
The steam dragon is lightly wounded.
The steam dragon barely misses you. x2
You aren't carrying any items that you can evoke.
Okay, then.
You hit the steam dragon. Your bite misses the steam dragon.
The steam dragon is lightly wounded.
The steam dragon bites you!
You die...

# ##....# ## #. #.#..###.# #.#
#.####†.#... . #. ........# #.#
........#.# #.#.####J.###.###.##
#.####....## #.#.#.....##........
#.####..#..###...................
..#...................###..#.####
..+............##.....# #..#..#
#.#.......###..#......# #..#....#
#.+.......# #.D@#...............
#.#.......# #>.##...≈≈≈≈≈≈≈≈~≈≈≈
[.†.....#.# #.# ###.≈≈≈≈≈≈≈≈~≈≈≈
#)###.#.#.# #. #.≈≈####.....#
........... . ..≈≈#.. #8#
........... .. .≈≈#8. ###
#.##..#.#...# ≈≈# .. ......... ..
#. #.#...#.#. #.


You could see a steam dragon (catching breath) and an endoplasm.

Vanquished Creatures
  3 adders
  2 worms
  4 dart slugs
  2 ball pythons
  4 bats
  5 endoplasms
  6 goblins
  A hobgoblin (D:1)
  4 jackals (D:2)
  5 quokkas
  A frilled lizard (D:3)
  2 kobolds
  A rat (D:1)
40 creatures vanquished.

Vanquished Creatures (others)
  A plant (D:3)
1 creature vanquished.

Grand Total: 41 creatures vanquished

Notes
Turn   | Place    | Note
-------+----------+-------------------------------------------
     0 | D:1      | Anothat the Vine Stalker Brigand began the quest for the
                  | Orb.
     0 | D:1      | Reached XP level 1. HP: 11/11 MP: 2/2
    18 | D:1      | Reached skill level 1 in Dodging
    22 | D:1      | Reached XP level 2. HP: 13/15 MP: 1/3
   804 | D:2      | Reached XP level 3. HP: 18/18 MP: 4/4
   824 | D:2      | Found a faded altar of an unknown god.
  1116 | D:2      | Found an ornate altar of the Wu Jian Council.
  1432 | D:2      | Gained mutation: Your natural rate of healing is unusually
                  | fast. [Vine Stalker growth]
  1432 | D:2      | Reached XP level 4. HP: 23/23 MP: 5/5
  1807 | D:3      | Found a transporter.
  1853 | D:3      | Noticed a steam dragon
  1869 | D:3      | Slain by a steam dragon

Illustrated notes

Levels and vault maps discovered:
D:1:      scummos_arrival_checkerplants, layout_basic
D:2:      layout_rooms, serial_corexii_hall, corexii_hall_statues_i,
          corexii_hall_statues_u, basic_altar, chequers_ecumenical_altar_island
D:3:      layout_basic, gammafunk_ghost_gnarly_gnolls, minmay_starry_boxes,
          uniq_ijyb, uniq_grinder

Skill      XL: |  1  2  3  4 |
---------------+-------------+-----
Dodging        | 1 2 |  2.0
Fighting       | 2 |  2.7
Short Blades   | 2 |  2.7
Throwing       | |  1.7
Stealth        | |  4.8

Action                   |  1- 3 |  4- 6 || total
-------------------------+-------+-------++-------
Melee: Dagger            |    73 |    36 ||   109
       Bite              |    24 |     8 ||    32
 Stab: Sleeping          |     8 |     5 ||    13
Armor: Robe              |     5 |       ||     5
       Leather armour    |     5 |     1 ||     6
Dodge: Dodged            |    56 |    28 ||    84
